 Dungeon Crawl Stone Soup version 0.31-a0-702-gf82c85558f (webtiles) character file.

Game seed: 6905138584807928730

63 qw the Shooter (level 4, -15/28 HPs)
             Began as a Gargoyle Hunter on Sept 8, 2023.
             Demolished by Edmund
             ... wielding a +2 heavy dire flail
              (17 damage)
             ... on level 4 of the Dungeon.
             The game lasted 00:00:18 (955 turns).

qw the Shooter (Gargoyle Hunter)                     Turns: 955, Time: 00:00:19

Health: -15/28     AC:  6    Str: 15    XL:     4   Next: 9%
Magic:  1/1        EV: 11    Int:  9    God:
Gold:   39         SH:  0    Dex: 15    Spells: 3/3 levels left

rFire   . . .        Y - +0 longbow (antimagic)
rCold   . . .        (shield currently unavailable)
rNeg    + . .        c - +0 leather armour
rPois   inf          (no helmet)
rElec   +            (no cloak)
rCorr   .            (no gloves)
SInv    .            (no boots)
Will    .....        (no amulet)
Stlth   ++           (no ring)
HPRegen 0.24/turn    (no ring)
MPRegen 0.07/turn

%: no passive effects
@: no status effects
A: sickness immunity, AC +3, negative energy resistance 1, electricity
resistance, torment resistance 1, petrification resistance
a: no special abilities


You were on level 4 of the Dungeon.
You visited 1 branch of the dungeon, and saw 3 of its levels.

You collected 39 gold pieces.


Innate Abilities, Weirdness & Mutations

You are immune to sickness and miasma.
Your stone body is resilient. (AC +3)
You are immune to poison.
You resist negative energy. (rN+)
You are resistant to electric shocks. (rElec)
You are resistant to unholy torment.
You are immune to petrification.


   Skills:
 - Level 3.2 Fighting
 + Level 5.1 Ranged Weapons
 - Level 1.5 Dodging
 - Level 1.1 Stealth


You had 3 spell levels left.
You didn't know any spells.
Your spell library was empty.

Inventory:

Hand Weapons
 Y - a +0 antimagic longbow (weapon)
Armour
 c - a +0 leather armour (worn)
Jewellery
 d - a ring of flight
Potions
 a - a potion of heal wounds {unknown}
 b - a potion of attraction {unknown}

Dungeon Overview and Level Annotations

Branches:
Dungeon (4/15)
 Temple: D:4-7

Altars:

Shops:
D:2 :

Annotations:
D:4 Edmund


Message History

You shoot an arrow. The arrow hits the sleepcap.
You destroy the sleepcap!
Your Fighting skill increases to level 3!
You have reached level 4!
You feel stronger.
Edmund the Younger comes into view.
He is wielding a +2 heavy dire flail.
You shoot an arrow. The arrow hits Edmund.
Edmund shouts!
Edmund is lightly wounded.
You shoot an arrow. The arrow closely misses Edmund.
You shoot an arrow. The arrow hits Edmund.
Edmund is lightly wounded.
You shoot an arrow. The arrow hits Edmund.
Edmund is moderately wounded.
An endoplasm comes into view.
You shoot an arrow. The arrow barely misses Edmund.
Edmund hits you with a +2 heavy dire flail.
An endoplasm comes into view.
You shoot an arrow. The endoplasm quivers.
The arrow hits Edmund but does no damage.
Edmund is moderately wounded.
Edmund hits you with a +2 heavy dire flail!
You shoot an arrow. The arrow hits Edmund.
Edmund is moderately wounded.
Edmund hits you with a +2 heavy dire flail!
Ouch! That really hurt!
A dart slug comes into view.
You shoot an arrow. The arrow hits Edmund!
Edmund is heavily wounded.
Edmund barely misses you.
A dart slug comes into view.
954 |||
Found retreat position at 3,-1 (floor) with 0 blocking monsters and 1 monsters attacking at destination at distance 3
954 ||| Stepping ~*~*~tactically~*~*~ (retreating).
The endoplasm jiggles.
You shoot an arrow. The arrow closely misses Edmund.
The arrow hits the endoplasm but does no damage.
Edmund hits you with a +2 heavy dire flail!
Ouch! That really hurt!
You die...
Edmund says, "I'd like to see a scythe do that!"

#######.# #.......#
#.####..#
#######.####..#
............>.#
####.##.####..#
####.##.####..#
#####...@.........#
......J@###########
......J.# $.......#
........# ........#
...w....# ........#
.w......#


You could see Edmund, a dart slug and 2 endoplasms.

Vanquished Creatures
  A sleepcap (D:4)
  An adder (D:2)
  2 dart slugs (D:1)
  An endoplasm (D:1)
  2 giant cockroaches (D:1)
  2 goblins (D:1)
  A hobgoblin (D:1)
  2 quokkas (D:1)
  A ball python (D:1)
  5 bats (D:1)
  A frilled lizard (D:2)
  2 kobolds (D:1)
  A rat (D:1)
22 creatures vanquished.

Notes
Turn   | Place    | Note
-------+----------+-------------------------------------------
     0 | D:1      | qw the Gargoyle Hunter began the quest for the Orb.
     0 | D:1      | Reached XP level 1. HP: 12/12 MP: 1/1
     0 | D:1      | 0 ||| qw: Version: 0.3-a-76-g4403597
     0 | D:1      | 0 ||| qw: Game counter: 1165
     0 | D:1      | 0 ||| qw: Melee chars always use a shield: true
     0 | D:1      | 0 ||| qw: God list: Okawaru
     0 | D:1      | 0 ||| qw: Allow faded altars: false
     0 | D:1      | 0 ||| qw: Do Orc after clearing Dungeon:15 true
     0 | D:1      | 0 ||| qw: Do second Lair branch before Depths: true
     0 | D:1      | 0 ||| qw: Lair rune preference: random
     0 | D:1      | 0 ||| qw: Goals: Normal
     0 | D:1      | 0 ||| PLANNING D:1-11
   123 | D:1      | Reached XP level 2. HP: 17/17 MP: 2/2
   760 | D:1      | Reached XP level 3. HP: 21/21 MP: 3/3
   822 | D:1      | 822 ||| DROPPING ring of magical power.
   823 | D:1      | 823 ||| READING scroll labelled MONNUHEMOSA.
   824 | D:1      | 824 ||| READING scroll labelled SAEMIUPOTI.
   824 | D:1      | Identified a scroll of acquirement
   824 | D:1      | 824 ||| ACQUIRING +0 antimagic longbow
   824 | D:1      | Acquired a +0 antimagic longbow
   826 | D:1      | 826 ||| SWAPPING to +0 antimagic longbow.
   827 | D:1      | 827 ||| DROPPING +0 shortbow.
   828 | D:1      | 828 ||| READING 3 scrolls labelled UROZAE NIC NET.
   829 | D:1      | 829 ||| DROPPING 2 scrolls of poison.
   830 | D:1      | 830 ||| DROPPING scroll of butterflies.
   902 | D:2      | Reached skill level 5 in Ranged Weapons
   902 | D:2      | Found Haociddo's Book Shop.
   927 | D:2      | You fall into a shaft and drop 2 floors!
   943 | D:4      | Reached skill level 3 in Fighting
   943 | D:4      | Reached XP level 4. HP: 28/28 MP: 1/4
   945 | D:4      | Noticed Edmund
   952 | D:4      | HP: 1/28 [Edmund/+2 heavy dire flail (14)]
   954 | D:4      | 954 ||| Stepping ~*~*~tactically~*~*~ (retreating).
   955 | D:4      | Demolished by Edmund

Levels and vault maps discovered:
D:1:      scummos_arrival_simple_fountains, layout_basic,
          chequers_serial_rivers_small_a
D:2:      layout_loops_cross, serial_shops, nicolae_shop_tiny_glass
D:4:      kennysheep_slugbush, layout_basic, nicolae_uskayaw_suspiria,
          minmay_ruptured, uniq_edmund

Skill      XL: |  1  2  3 |
---------------+----------+-----
Ranged Weapons | 5 |  5.1
Fighting       | 3 |  3.2
Dodging        | |  1.5
Stealth        | |  1.1

Action                     |  1- 3 |  4- 6 || total
---------------------------+-------+-------++-------
   Fire: Shortbow          |    42 |       ||    42
         Longbow           |    11 |     9 ||    20
    Use: Scroll            |     3 |       ||     3
 Armour: Leather armour    |     6 |     4 ||    10
  Dodge: Dodged            |     8 |     1 ||     9

Table legend:
 A = Non-vault XP
 B = Vault XP
 C = Vault XP percentage of total XP
 D = Non-vault monster count
 E = Vault monster count
 F = Vault count percentage of total count
                 A         B        C        D         E       F
            +---------+---------+-------+---------+---------+-------
      Total |      90 |       0 |   0.0 |      22 |       0 |   0.0
            +---------+---------+-------+---------+---------+-------
        D:1 |      35 |       0 |   0.0 |      19 |       0 |   0.0
        D:2 |      15 |       0 |   0.0 |       2 |       0 |   0.0
        D:4 |      40 |       0 |   0.0 |       1 |       0 |   0.0
            +---------+---------+-------+---------+---------+-------
